 Dungeon Crawl Stone Soup version 0.25-a0-44-g29a1220a87 (webtiles) character file.

Game seed: 7489805629662833804, levelgen mode: deterministic

32 Alarkh the Slasher (level 3, 29/29 HPs)
             Began as a Demonspawn Fighter on Oct 23, 2019.
             Got out of the dungeon alive.
             The game lasted 00:00:28 (1441 turns).

Alarkh the Slasher (Demonspawn Fighter)             Turns: 1441, Time: 00:00:29

Health: 29/29      AC:  6    Str: 16    XL:     3   Next: 8%
Magic:  3/3        EV:  6    Int: 10    God:
Gold:   73         SH:  8    Dex: 12    Spells: 2/2 levels left

rFire    . . .     SeeInvis .   a - +0 long sword
rCold    . . .     Gourm    .   c - +0 shield
rNeg     . . .     Faith    .   b - +0 scale mail
rPois    .         Spirit   .   (no helmet)
rElec    .         Reflect  .   (no cloak)
rCorr    .         Harm     .   (no gloves)
MR       .....                  (no boots)
Stlth    ..........             (no amulet)
HPRegen  0.09/turn              (no ring)
MPRegen  0.08/turn              (no ring)

@: no status effects
A: claws 1, spiny 1
a: no special abilities


You escaped.
You were not hungry.

You visited 1 branch of the dungeon, and saw 2 of its levels.

You collected 73 gold pieces.

Inventory:

Hand Weapons
 a - a +0 long sword (weapon)
Armour
 b - a +0 scale mail (worn)
 c - a +0 shield (worn)
Jewellery
 k - an uncursed ring of magical power {unknown}
 q - a cursed -4 ring of dexterity {unknown}
 r - a cursed ring of poison resistance {unknown}
Scrolls
 e - 3 scrolls of identify {unknown}
 h - a scroll of fog {unknown}
 i - 8 scrolls of remove curse {unknown}
 m - 2 scrolls of amnesia {unknown}
 s - 2 scrolls of blinking {unknown}
 t - a scroll of teleportation {unknown}
 u - a scroll of enchant armour {unknown}
 v - a scroll of magic mapping {unknown}
Potions
 d - 2 potions of might
 g - a potion of curing {unknown}
 j - a potion of brilliance {unknown}
 l - a potion of resistance {unknown}
 n - a potion of invisibility {unknown}
 p - a potion of agility {unknown}
Comestibles
 f - 5 rations
 o - 4 chunks of flesh


   Skills:
 - Level 3.0 Fighting
 + Level 3.2 Long Blades
 - Level 2.6 Armour
 - Level 2.6 Shields


You had 2 spell levels left.
You didn't know any spells.
Your spell library was empty.

Dungeon Overview and Level Annotations

Branches:
Dungeon (2/15)

Altars:


Innate Abilities, Weirdness & Mutations

You have sharp fingernails.
You are partially covered in sharp spines.


Message History

A bat comes into view.
The bat hits you but does no damage.
A bat is nearby!
You hit the bat.
You kill the bat!
o - 5 chunks of flesh (gained 1)
You see here a bat skeleton. x2
i - 8 scrolls labeled MONASKYHAO (gained 1)
v - a scroll labeled WYMOSO WUOTOS No target in view!
Found a ring mail.
No target in view!
Eating one of 5 chunks of flesh.
You eat one of the 5 chunks of flesh.
This raw flesh tastes terrible.
There is a stone staircase leading up here.
You climb upwards.
There is a stone staircase leading down here.
There is a staircase leading out of the dungeon here.
Are you sure you want to leave the Dungeon?
This will make you lose the game!
You have escaped!

#.#
#.#.##.####..##
#.# #.#.##.#
#..# #.#
#.#.##.# #..#
#.# #.#.##.#
#..# #.#
#.#.##.# #..#
#.# #.####.#
#..# #.# #.#
#.# #..# #.#
#.# #.####..#
#)#
#.####...@#..##
#.#
#......####...#
..# ########
##### ###


There were no monsters in sight!

Vanquished Creatures
  2 dart slugs (D:2)
  2 leopard geckos
  2 bats (D:2)
  4 giant cockroaches
  A goblin (D:1)
  3 hobgoblins
  6 kobolds
  4 rats
24 creatures vanquished.

Notes
Turn   | Place    | Note
-------+----------+-------------------------------------------
     0 | D:1      | Alarkh the Demonspawn Fighter began the quest for the Orb.
     0 | D:1      | Reached XP level 1. HP: 18/18 MP: 1/1
   436 | D:1      | Gained mutation: You are partially covered in sharp spines.
                  | [demonic ancestry]
   436 | D:1      | Reached XP level 2. HP: 22/24 MP: 2/2
  1304 | D:2      | Gained mutation: You have sharp fingernails. [demonic
                  | ancestry]
  1304 | D:2      | Reached XP level 3. HP: 29/29 MP: 3/3
  1441 | D:$      | Got out of the dungeon alive.

Levels and vault maps discovered:
D:1:      dpeg_arrival_tiny_k, layout_basic
D:2:      layout_basic, first_ration, minmay_tetromino_l2

Skill      XL: |  1  2 |
---------------+-------+-----
Long Blades    | 2 3 |  3.2
Fighting       | |  3.0
Armour         | |  2.6
Shields        | |  2.6

Action                   || total
-------------------------++-------
Melee: Long sword        ||    53
  Eat: Chunk             ||     2
Armor: Scale mail        ||    14
Dodge: Dodged            ||    14
Block: Shield            ||    26
       Rpst.: Long sword ||     7

Table legend:
 A = Non-vault XP
 B = Vault XP
 C = Vault XP percentage of total XP
 D = Non-vault monster count
 E = Vault monster count
 F = Vault count percentage of total count
                 A         B        C        D         E       F
            +---------+---------+-------+---------+---------+-------
      Total |      44 |       2 |   4.3 |      22 |       2 |   8.3
            +---------+---------+-------+---------+---------+-------
        D:1 |      16 |       0 |   0.0 |       9 |       0 |   0.0
        D:2 |      28 |       2 |   6.7 |      13 |       2 |  13.3
            +---------+---------+-------+---------+---------+-------
